 Dungeon Crawl Stone Soup version 0.30-a0-743-gbfdf073431 (webtiles) character file.

Game seed: 7472321519888868488

535 qeuew the Trooper (level 7, -4/55 HPs)
             Began as a Demonspawn Monk on Feb 6, 2023.
             Slain by Duvessa
             ... wielding a +0 short sword
              (10 damage)
             ... on level 4 of the Dungeon.
             The game lasted 00:06:07 (3500 turns).

qeuew the Trooper (Demonspawn Monk)                 Turns: 3500, Time: 00:06:08

Health: -4/55      AC:  6    Str: 14    XL:     7   Next: 4%
Magic:  7/7        EV: 12    Int: 13    God:
Gold:   188        SH:  0    Dex: 15    Spells: 6/6 levels left

rFire   . . .      SeeInvis .    a - +0 hand axe
rCold   . . .      Faith    .    (no shield)
rNeg    . . .      Spirit   .    e - +1 ring mail of the Goldsmith {rElec Regen+ Int+4}
rPois   +          Reflect  .    (no helmet)
rElec   +          Harm     .    (no cloak)
rCorr   .          Rampage  .    (no gloves)
Will    .....                    (no boots)
Stlth   +                        (no amulet)
HPRegen 1.09/turn                d - ring of poison resistance
MPRegen 0.10/turn                (no ring)

@: lit by a corona, about to teleport, glowing
A: claws 1, weakness stinger 2, hooves 2, dopey 1
a: no special abilities


You were on level 4 of the Dungeon.
You visited 1 branch of the dungeon, and saw 4 of its levels.
You also visited: Sewer.

You collected 188 gold pieces.

Inventory:

Hand Weapons
 a - a +0 hand axe (weapon)
Armour
 e - the +1 ring mail of the Goldsmith (worn) {rElec Regen+ Int+4}
   (You found it on level 2 of the Dungeon)

   Int:       It affects your intelligence (+4).
   rElec:     It insulates you from electricity.
   Regen:     It increases your rate of health regeneration.
Jewellery
 d - a ring of poison resistance (left claw)
Scrolls
 h - 5 scrolls of enchant armour
 l - 2 scrolls of blinking {unknown}
Potions
 c - a potion of ambrosia
 f - a potion of magic {unknown}
 g - a potion of resistance {unknown}
 i - 5 potions of flight
 k - a potion of curing


   Skills:
 + Level 4.7 Fighting
 + Level 4.3 Axes
 + Level 3.1 Armour
 + Level 4.3 Dodging
 - Level 1.7 Stealth


You had 6 spell levels left.
You didn't know any spells.
Your spell library contained the following spells:

 Spells                   Type           Power      Damage    Failure   Level
 Beastly Appendage        Tmut           0%         N/A       52%         1
 Freeze                   Ice            0%         1d3       52%         1
 Shock                    Conj/Air       0%         1d3       52%         1
 Wereblood                Tmut           0%         N/A       67%         2
 Call Canine Familiar     Summ           0%         N/A       88%         3
 Frozen Ramparts          Ice            0%         1d1       88%         3
 Hailstorm                Conj/Ice       0%         3d3       88%         3
 Portal Projectile        Hex/Tloc       0%         N/A       88%         3
 Spider Form              Tmut/Pois      0%         N/A       88%         3
 Swiftness                Air            0%         N/A       88%         3
 Airstrike                Air            0%         2d(0-16)  99%         4
 Leda's Liquefaction      Hex/Erth       0%         N/A       99%         4


Dungeon Overview and Level Annotations

Branches:
Dungeon (4/15)              Sewer (visited)
 Temple: D:4-7

Altars:
Dithmenos

Shops:
D:3 (

Annotations:
D:4 Duvessa


Innate Abilities, Weirdness & Mutations

You have sharp fingernails.
You have a tail ending in a sharp stinger.
You have hoof-like feet.
You are dopey. (Int -2)


Message History

You hit Duvessa but do no damage.
Duvessa says, "When magic and the sword combine, nothing stands against them."
Duvessa hits you but does no damage.
Dowan says, "My weaknesses are her strengths!"
Dowan hits you but does no damage.
You hit Dowan. You kick Dowan, but do no damage.
Dowan is almost dead.
You barely miss Duvessa. Duvessa hits you with a +0 short sword.
Dowan hits you with a +0 dagger of holy wrath.
You convulse.
Duvessa barely misses you. Dowan casts a spell at you.
You are outlined in light.
You closely miss Dowan. You kick Dowan. You tail-slap Dowan, but do no damage.
Dowan is almost dead.
You hit Duvessa but do no damage. Duvessa closely misses you.
Dowan hits you but does no damage.
You hit Dowan.
You kill Dowan!
Duvessa weeps, and shakes her weapon.
Duvessa goes berserk!
You hit Duvessa but do no damage. Duvessa hits you with a +0 short sword!
You have reached level 7!
Your demonic ancestry asserts itself...
Your fingernails lengthen.
You feel much better. Duvessa hits you with a +0 short sword!
Duvessa hits you with a +0 short sword.
You closely miss Duvessa. Your kick misses Duvessa.
Duvessa is lightly wounded.
Duvessa hits you with a +0 short sword!
You hit Duvessa. You kick Duvessa.
Duvessa is moderately wounded.
Duvessa hits you with a +0 short sword.
* * * LOW HITPOINT WARNING * * *
Duvessa hits you with a +0 short sword.
* * * LOW HITPOINT WARNING * * *
As you read the scroll of teleportation, it crumbles to dust.
You feel strangely unstable. Duvessa hits you with a +0 short sword!
* * * LOW HITPOINT WARNING * * *
Duvessa hits you with a +0 short sword!
You die...

#.# ###.#.# #.#
.......## #.#
......... ...
#.########
.)...>..# #.#
#.........
........# #.#
#.########
?.......# #.# #.#
....>.)e# #.# #.#
# .....?.@# #.#
#.# .
....###.###.###.#
# # #.........#
#.###.###.#
#######.###.###.#
................#
#######.#########
#.# #)#


You could see Duvessa (berserk).

Vanquished Creatures
  Eustachio (D:4)
  Menkaure (D:4)
  Dowan (D:4)
  9 adders
  4 river rats (Sewer)
  2 worms (Sewer)
  3 dart slugs (D:1)
  16 orcs
  10 ball pythons
  An endoplasm (D:3)
  7 giant cockroaches
  2 goblins
  A hobgoblin (D:3)
  8 jackals
  4 quokkas
  15 bats
  4 frilled lizards
  2 kobolds (D:4)
  4 rats
95 creatures vanquished.

Vanquished Creatures (others)
  A fungus (D:1)
  A plant (D:1)
2 creatures vanquished.

Grand Total: 97 creatures vanquished

Notes
Turn   | Place    | Note
-------+----------+-------------------------------------------
     0 | D:1      | qeuew the Demonspawn Monk began the quest for the Orb.
     0 | D:1      | Reached XP level 1. HP: 18/18 MP: 1/1
   169 | D:1      | Discovered your monstrous ancestry.
   169 | D:1      | Gained mutation: You have a small tail. [demonic ancestry]
   169 | D:1      | Reached XP level 2. HP: 19/24 MP: 2/2
   346 | D:1      | Found a faded altar of an unknown god.
   819 | D:1      | Gained mutation: You are dopey. (Int -2) [potion of
                  | mutation]
   819 | D:1      | Gained mutation: You have hidden genetic potential. [potion
                  | of mutation]
   993 | D:2      | Reached skill level 1 in Armour
   999 | D:2      | Identified the +1 ring mail of the Goldsmith {rElec Regen+
                  | Int+4}
  1222 | D:2      | Gained mutation: You have a tail ending in a sharp stinger.
                  | [demonic ancestry]
  1222 | D:2      | Reached XP level 3. HP: 29/29 MP: 3/3
  1566 | D:2      | Gained mutation: You have large cloven feet. [hidden
                  | potential]
  1847 | D:3      | Found a shadowy altar of Dithmenos.
  1912 | D:3      | Found a glowing drain.
  1923 | Sewer    | Entered a sewer
  2058 | Sewer    | Reached XP level 4. HP: 29/35 MP: 4/4
  2079 | Sewer    | Gained mutation: You have hoof-like feet. [hidden
                  | potential]
  2079 | Sewer    | Lost mutation: You have hidden genetic potential. [hidden
                  | potential expressed]
  2105 | Sewer    | Reached XP level 5. HP: 40/42 MP: 5/5
  2723 | D:3      | Found Uxeo's Antique Weapon Boutique.
  3100 | D:4      | Noticed Eustachio
  3121 | D:4      | Killed Eustachio
  3122 | D:4      | Reached XP level 6. HP: 12/49 MP: 6/6
  3242 | D:4      | Noticed Menkaure
  3254 | D:4      | Killed Menkaure
  3479 | D:4      | Noticed Dowan
  3481 | D:4      | Noticed Duvessa
  3496 | D:4      | Killed Dowan
  3497 | D:4      | Gained mutation: You have sharp fingernails. [demonic
                  | ancestry]
  3497 | D:4      | Reached XP level 7. HP: 21/55 MP: 7/7
  3500 | D:4      | Slain by Duvessa

Illustrated notes

Levels and vault maps discovered:
D:1:      minmay_arrival_solitary_statue, layout_basic,
          shapermc_ecumenical_altar_hornbeckon, chequers_serial_rivers_micro_c
D:2:      layout_basic, uniq_crazy_yiuf_cottage
D:3:      layout_loops_ring, mainiacjoe_overflow_small_starburst, serial_shops,
          nicolae_shop_hallway_stairs, portal_sewer_entry_d
D:4:      minmay_wonky_spiral, layout_loops_ring, minivault_25, uniq_duvessa,
          uniq_eustachio, uniq_menkaure

Skill      XL: |  1  2  3  4  5  6 |
---------------+-------------------+-----
Axes           | 3 4 |  4.3
Dodging        | 3 4 |  4.3
Armour         | 1 2 3 |  3.1
Fighting       | 4 |  4.7
Stealth        | |  1.7

Action                     |  1- 3 |  4- 6 |  7- 9 || total
---------------------------+-------+-------+-------++-------
  Melee: Hand axe          |   123 |   198 |     2 ||   323
         Tailslap          |     8 |    21 |       ||    29
         Kick              |     8 |    57 |     1 ||    66
         Punch             |       |     1 |       ||     1
    Use: Potion            |     4 |     2 |     1 ||     7
         Scroll            |     4 |     5 |     1 ||    10
   Stab: Sleeping          |     5 |     1 |       ||     6
 Armour: Robe              |     9 |       |       ||     9
         Ring mail         |    43 |    86 |       ||   129
  Dodge: Dodged            |   113 |   169 |       ||   282

Table legend: (Time is in decaauts)
 A = Elapsed time spent in this place.
 B = Non-inter-level travel time spent in this place.
 C = Inter-level travel time spent in this place.
 D = Time resting spent in this place.
 E = Time spent auto-exploring this place.
 F = Levels seen in this place.
 G = Mean time per level.
                   A        B        C        D        E       F      G
               +--------+--------+--------+--------+--------+-----+--------+
         Total |   3741 |   3602 |    139 |      0 |   2755 |   5 |  748.2 |
       Dungeon |   2919 |   2780 |    139 |      0 |   2246 |   4 |  729.8 |
         Sewer |    822 |    822 |      0 |      0 |    508 |   1 |  822.0 |
               +--------+--------+--------+--------+--------+-----+--------+

Top non-repeatable levels by time:
     D:2: 1025 daAuts
     D:1: 860 daAuts
   Sewer: 822 daAuts
     D:3: 601 daAuts
     D:4: 432 daAuts
